[ AOE2 MATCH · #494726311 ]
UnrankedVietnamese vs Tupi
Player's team · WIN
Rival team · LOSS
[ REPLAY ANALYSIS · EXTRACTED FROM THE RECORDED GAME ]
Feudal
8:50
Castle
31:38
Imperial
—
| APM avg | 66.3 |
| APM peak | 99 |
| eAPM avg | 31.6 |
| Villagers / military | 83 / 63 |
Focus
⚔️ 53.5% · 🌾 46.5%
Archer ×31 · Scout Cavalry ×11 · Rattan Archer ×10 · Knight ×9 · Cavalry Archer ×2
Feudal
10:30
Castle
27:18
Imperial
—
| APM avg | 36.6 |
| APM peak | 68 |
| eAPM avg | 25.5 |
| Villagers / military | 76 / 2 |
Focus
⚔️ 44.5% · 🌾 55.5%
Unknown (2550) ×32 · Monk ×2
Match map
Initial resources + every placement click. Lines = walls · curves = elevation contours. ◆ gold · ⬟ stone · ● berries · ✦ relic · ◌ wall gap
Your base· Open — 4t gap
gupo57's base· Open — unwalled flank
Smoothed initial terrain · ◌ = detected wall gap · hover for details
Inputs per minute
— woaF - - gupo57
Build order — woaF
First 150 of 231 actions detected
| 0:00 | Queue | Villager (Male) |
| 0:00 | Queue | Villager (Male) |
| 0:01 | Build | House |
| 0:02 | Build | House |
| 0:13 | Queue | Villager (Male) |
| 0:25 | Queue | Villager (Male) |
| 0:25 | Queue | Villager (Male) |
| 1:30 | Queue | Villager (Male) |
| 1:51 | Build | Lumber Camp |
| 1:52 | Queue | Villager (Male) |
| 2:25 | Queue | Villager (Male) |
| 2:25 | Queue | Villager (Male) |
| 2:54 | Queue | Villager (Male) |
| 3:15 | Queue | Villager (Male) |
| 3:41 | Queue | Villager (Male) |
| 3:52 | Build | House |
| 3:54 | Queue | Villager (Male) |
| 4:29 | Queue | Villager (Male) |
| 4:48 | Queue | Villager (Male) |
| 5:02 | Build | Mill |
| 5:05 | Queue | Villager (Male) |
| 5:14 | Queue | Villager (Male) |
| 5:54 | Queue | Villager (Male) |
| 5:59 | Research | Loom |
| 6:40 | Research | Feudal Age |
| 7:36 | Build | Barracks |
| 7:37 | Build | House |
| 7:52 | Queue | Villager (Male) |
| 8:50 | Age | Feudal Age |
| 8:56 | Build | Archery Range |
| 9:04 | Research | Double-Bit Axe |
| 9:06 | Queue | Villager (Male) |
| 9:30 | Build | Mining Camp |
| 9:34 | Queue | Villager (Male) |
| 9:36 | Research | Horse Collar |
| 9:48 | Queue | Archer |
| 9:49 | Build | House |
| 9:57 | Queue | Villager (Male) |
| 10:08 | Build | Blacksmith |
| 10:10 | Queue | Villager (Male) |
| 10:46 | Queue | Archer |
| 10:53 | Build | House |
| 11:01 | Queue | Villager (Male) |
| 11:08 | Build | Watch Tower |
| 11:18 | Queue | Villager (Male) |
| 11:31 | Queue | Archer |
| 11:44 | Queue | Villager (Male) |
| 12:01 | Queue | Archer |
| 12:14 | Research | Fletching |
| 12:15 | Queue | Villager (Male) |
| 12:21 | Build | Farm |
| 12:28 | Queue | Archer |
| 12:52 | Build | Farm |
| 12:53 | Build | Farm |
| 12:53 | Build | Farm |
| 12:58 | Queue | Villager (Male) |
| 13:02 | Build | Farm |
| 13:02 | Build | Farm |
| 13:05 | Build | Mining Camp |
| 13:35 | Queue | Villager (Male) |
| 13:35 | Queue | Villager (Male) |
| 13:46 | Queue | Villager (Male) |
| 13:49 | Queue | Archer |
| 14:08 | Queue | Villager (Male) |
| 14:14 | Queue | Archer |
| 14:19 | Build | Farm |
| 14:41 | Queue | Archer |
| 14:43 | Build | Farm |
| 14:51 | Queue | Archer |
| 14:58 | Queue | Villager (Male) |
| 15:01 | Queue | Villager (Male) |
| 15:05 | Build | Farm |
| 15:20 | Queue | Villager (Male) |
| 15:55 | Queue | Archer |
| 16:07 | Queue | Villager (Male) |
| 16:07 | Queue | Archer |
| 16:09 | Queue | Villager (Male) |
| 16:20 | Queue | Archer |
| 16:32 | Build | Farm |
| 16:44 | Queue | Villager (Male) |
| 17:02 | Queue | Archer |
| 17:15 | Build | Watch Tower |
| 17:37 | Queue | Villager (Male) |
| 18:01 | Queue | Villager (Male) |
| 18:03 | Queue | Archer |
| 18:19 | Build | House |
| 18:36 | Queue | Villager (Male) |
| 18:37 | Queue | Villager (Male) |
| 19:08 | Queue | Villager (Male) |
| 19:42 | Queue | Villager (Male) |
| 19:46 | Queue | Villager (Male) |
| 20:20 | Queue | Villager (Male) |
| 20:48 | Queue | Villager (Male) |
| 21:14 | Queue | Villager (Male) |
| 21:21 | Queue | Archer |
| 21:45 | Queue | Archer |
| 21:51 | Queue | Villager (Male) |
| 21:56 | Build | House |
| 22:13 | Queue | Villager (Male) |
| 22:21 | Build | Watch Tower |
| 22:38 | Queue | Villager (Male) |
| 23:07 | Queue | Villager (Male) |
| 23:12 | Build | Market |
| 23:14 | Queue | Villager (Male) |
| 23:36 | Queue | Villager (Male) |
| 23:55 | Queue | Villager (Male) |
| 24:04 | Queue | Archer |
| 24:11 | Build | Lumber Camp |
| 24:22 | Build | Stable |
| 24:29 | Queue | Archer |
| 24:41 | Queue | Archer |
| 24:50 | Queue | Villager (Male) |
| 24:54 | Queue | Archer |
| 25:01 | Build | House |
| 25:01 | Build | House |
| 25:03 | Queue | Archer |
| 25:15 | Build | Stable |
| 25:17 | Queue | Archer |
| 25:18 | Research | Scale Barding Armor |
| 25:18 | Research | Scale Barding Armor |
| 25:19 | Queue | Villager (Male) |
| 25:23 | Queue | Scout Cavalry |
| 25:23 | Queue | Scout Cavalry |
| 25:32 | Build | Farm |
| 25:35 | Queue | Archer |
| 25:48 | Build | House |
| 26:01 | Queue | Archer |
| 26:04 | Build | Farm |
| 26:06 | Build | Farm |
| 26:10 | Queue | Scout Cavalry |
| 26:11 | Queue | Scout Cavalry |
| 26:12 | Queue | Villager (Male) |
| 26:18 | Build | Mill |
| 26:19 | Build | Farm |
| 26:19 | Build | Farm |
| 26:19 | Build | Farm |
| 26:19 | Build | Farm |
| 26:20 | Queue | Villager (Male) |
| 26:29 | Queue | Archer |
| 26:47 | Queue | Archer |
| 26:50 | Queue | Villager (Male) |
| 26:56 | Build | Farm |
| 26:57 | Build | Farm |
| 27:00 | Build | Farm |
| 27:04 | Queue | Archer |
| 27:07 | Queue | Scout Cavalry |
| 27:08 | Queue | Villager (Male) |
| 27:21 | Build | Farm |
| 27:22 | Build | Farm |
| 27:23 | Queue | Scout Cavalry |
Build order — gupo57
First 150 of 181 actions detected
| 0:00 | Queue | Villager (Male) |
| 0:01 | Queue | Villager (Male) |
| 0:02 | Build | House |
| 0:03 | Build | House |
| 0:17 | Queue | Villager (Male) |
| 0:17 | Queue | Villager (Male) |
| 1:02 | Queue | Villager (Male) |
| 1:24 | Build | House |
| 1:42 | Queue | Villager (Male) |
| 2:03 | Queue | Villager (Male) |
| 2:03 | Queue | Villager (Male) |
| 2:03 | Queue | Villager (Male) |
| 2:24 | Queue | Villager (Male) |
| 2:24 | Queue | Villager (Male) |
| 2:43 | Queue | Villager (Male) |
| 3:00 | Build | Settlement |
| 3:03 | Build | House |
| 3:10 | Queue | Villager (Male) |
| 3:23 | Queue | Villager (Male) |
| 3:24 | Queue | Villager (Male) |
| 3:35 | Queue | Villager (Male) |
| 3:35 | Queue | Villager (Male) |
| 3:59 | Queue | Villager (Male) |
| 3:59 | Queue | Villager (Male) |
| 4:00 | Queue | Villager (Male) |
| 4:59 | Queue | Villager (Male) |
| 4:59 | Queue | Villager (Male) |
| 5:00 | Queue | Villager (Male) |
| 5:00 | Queue | Villager (Male) |
| 5:29 | Queue | Villager (Male) |
| 5:29 | Queue | Villager (Male) |
| 5:30 | Queue | Villager (Male) |
| 5:30 | Queue | Villager (Male) |
| 5:53 | Build | Barracks |
| 5:55 | Build | House |
| 6:18 | Research | Loom |
| 6:51 | Build | Settlement |
| 7:02 | Queue | Villager (Male) |
| 7:10 | Queue | Unit 2550 |
| 7:11 | Queue | Unit 2550 |
| 7:55 | Build | Settlement |
| 8:19 | Research | Feudal Age |
| 9:22 | Queue | Unit 2550 |
| 9:22 | Queue | Unit 2550 |
| 9:56 | Queue | Villager (Male) |
| 9:57 | Queue | Villager (Male) |
| 10:30 | Age | Feudal Age |
| 10:31 | Research | Tech 1402 |
| 10:39 | Queue | Villager (Male) |
| 10:39 | Research | Double-Bit Axe |
| 10:41 | Queue | Villager (Male) |
| 10:41 | Queue | Villager (Male) |
| 10:55 | Build | Watch Tower |
| 11:10 | Queue | Unit 2550 |
| 11:10 | Queue | Unit 2550 |
| 11:40 | Build | Watch Tower |
| 12:46 | Queue | Villager (Male) |
| 12:47 | Queue | Villager (Male) |
| 13:06 | Queue | Unit 2550 |
| 13:06 | Queue | Unit 2550 |
| 13:31 | Build | Farm |
| 13:37 | Build | Watch Tower |
| 13:45 | Queue | Unit 2550 |
| 13:46 | Queue | Villager (Male) |
| 13:49 | Build | Farm |
| 14:08 | Build | Watch Tower |
| 14:19 | Build | Watch Tower |
| 14:32 | Queue | Villager (Male) |
| 14:32 | Queue | Villager (Male) |
| 15:03 | Queue | Villager (Male) |
| 15:03 | Queue | Villager (Male) |
| 15:17 | Queue | Villager (Male) ×2 |
| 15:22 | Build | Palisade Wall |
| 15:23 | Build | Palisade Wall |
| 15:26 | Build | Palisade Wall |
| 15:34 | Build | Palisade Wall |
| 15:45 | Build | Palisade Wall |
| 16:04 | Queue | Villager (Male) |
| 16:04 | Queue | Villager (Male) |
| 16:05 | Queue | Villager (Male) |
| 16:09 | Build | Farm |
| 16:28 | Queue | Unit 2550 |
| 16:29 | Queue | Villager (Male) |
| 16:29 | Queue | Villager (Male) |
| 16:35 | Build | Farm |
| 16:37 | Build | Farm |
| 16:43 | Build | Palisade Wall |
| 17:11 | Build | Watch Tower |
| 17:20 | Build | Farm |
| 17:22 | Build | Farm |
| 17:24 | Build | Farm |
| 17:28 | Build | Stone Wall |
| 17:29 | Build | Stone Wall |
| 17:41 | Queue | Villager (Male) |
| 17:41 | Queue | Villager (Male) |
| 18:00 | Queue | Villager (Male) |
| 18:00 | Queue | Villager (Male) |
| 18:14 | Queue | Unit 2550 |
| 18:16 | Build | Farm |
| 18:18 | Build | Blacksmith |
| 18:36 | Queue | Villager (Male) ×2 |
| 18:39 | Queue | Unit 2550 |
| 18:57 | Build | Farm |
| 19:00 | Queue | Unit 2550 |
| 19:07 | Research | Scale Mail Armor |
| 19:17 | Build | Farm |
| 19:19 | Queue | Villager (Male) |
| 19:19 | Queue | Villager (Male) |
| 19:53 | Build | Farm |
| 19:54 | Queue | Unit 2550 |
| 20:46 | Build | Farm |
| 21:02 | Queue | Unit 2550 |
| 21:23 | Queue | Villager (Male) |
| 21:23 | Queue | Villager (Male) |
| 21:44 | Build | Farm |
| 22:12 | Build | Watch Tower |
| 22:17 | Queue | Villager (Male) |
| 22:18 | Queue | Unit 2550 |
| 22:19 | Queue | Unit 2550 |
| 23:16 | Build | Farm |
| 23:18 | Build | Farm |
| 23:20 | Build | Market |
| 23:42 | Build | House |
| 23:50 | Build | Farm |
| 23:50 | Build | Farm |
| 24:38 | Research | Castle Age |
| 25:00 | Build | Settlement |
| 25:06 | Queue | Unit 2550 |
| 25:06 | Queue | Unit 2550 |
| 25:14 | Build | Palisade Wall |
| 25:22 | Build | Watch Tower |
| 25:35 | Research | Forging |
| 25:38 | Research | Horse Collar |
| 25:40 | Research | Gold Mining |
| 25:42 | Queue | Unit 2550 |
| 26:18 | Build | Farm |
| 26:20 | Queue | Unit 2550 |
| 26:22 | Research | Fletching |
| 26:37 | Build | Farm |
| 27:03 | Build | Farm |
| 27:18 | Age | Castle Age |
| 28:18 | Research | Squires |
| 28:41 | Build | Farm |
| 29:06 | Research | Tech 1351 |
| 29:07 | Queue | Unit 2550 |
| 29:08 | Queue | Unit 2550 |
| 29:11 | Build | Farm |
| 29:15 | Queue | Villager (Male) |
| 30:05 | Research | Wheelbarrow |
| 30:56 | Queue | Villager (Male) |
Match timeline
| 5:53 | gupo57 · first_building Barracks |
| 7:36 | woaF · first_building Barracks |
| 8:50 | woaF · age_up feudal |
| 8:56 | woaF · first_building Archery Range |
| 10:30 | gupo57 · age_up feudal |
| 15:22 | gupo57 · wall_segment Palisade Wall x1 |
| 15:23 | gupo57 · wall_segment Palisade Wall x1 |
| 15:26 | gupo57 · wall_segment Palisade Wall x1 |
| 15:34 | gupo57 · wall_segment Palisade Wall x1 |
| 15:45 | gupo57 · wall_segment Palisade Wall x1 |
| 16:43 | gupo57 · wall_segment Palisade Wall x2 |
| 17:28 | gupo57 · wall_segment Stone Wall x1 |
| 17:29 | gupo57 · wall_segment Stone Wall x1 |
| 24:20 | woaF · first_market_buy 100 wood |
| 24:22 | woaF · first_building Stable |
| 24:25 | gupo57 · first_market_sell 100 stone |
| 25:14 | gupo57 · wall_segment Palisade Wall x1 |
| 27:18 | gupo57 · age_up castle |
| 28:44 | woaF · first_market_sell 100 wood |
| 31:38 | woaF · age_up castle |
| 31:49 | woaF · first_building Castle |
| 33:20 | gupo57 · first_building Monastery |
| 35:43 | woaF · first_building Siege Workshop |
| 36:26 | gupo57 · resign |
[ AI ANALYSIS · 1 CREDIT ]
What really happened in this match?
Wolo.gg analyzes every decision: build order, eco, micro, common mistakes by bracket. Personalized analysis on WhatsApp or Discord in 30 seconds.
Civ guide
Vietnamese
Perfil
Jugador #1886161